[Event "Team 45 45 League T31"]
[Site "Internet Chess Club"]
[Date "2006.07.29"]
[Round "6"]
[White "charles-allen"]
[Black "jazzpiano"]
[Result "1/2-1/2"]
[WhiteElo "1620"]
[BlackElo "1692"]
[TimeControl "2700+45"]

1. e4 d5 2. d4 dxe4 3. Nc3 Nf6 4. f3 exf3 5. Nxf3 e6 6. Bg5 Be7 7. Bc4 O-O 8.
O-O Re8 9. Qd3 h6 10. Bh4 Nd5 11. Bxe7 Rxe7 12. Rae1 Nxc3 13. bxc3 Nd7 14. Ne5
Nxe5 15. Rxe5 Bd7 16. d5 exd5 17. Rxd5 Qe8 18. Rh5 Rd8 19. Rxh6 gxh6 20. Qg6+
Kh8 21. Qxh6+ Kg8 22. Qg6+ {Game drawn by mutual agreement} 1/2-1/2  aics%

[Event "Team 45 45 League T31"]
[Site "Internet Chess Club"]
[Date "2006.07.30"]
[Round "6"]
[White "BrerRabbit"]
[Black "john-beebs"]
[Result "1-0"]
[WhiteElo "1651"]
[BlackElo "1551"]
[TimeControl "2700+45"]

1. d4 Nf6 2. c4 e6 3. Nf3 d5 4. Bg5 dxc4 5. e3 Be7 6. Bxc4 O-O 7. Nc3 h6 8. Bh4
Nbd7 9. O-O Nb6 10. Bb3 Nfd5 11. Bxe7 Qxe7 12. Rc1 Bd7 13. Nxd5 exd5 14. Rxc7
Rab8 15. Ne5 Qd6 16. Nxd7 Nxd7 17. Rc3 Nf6 18. Qe2 Ne4 19. Rc2 a6 20. Rfc1 Rfe8
21. Rc7 Ng5 22. R7c5 Ne6 23. Rxd5 Qb6 24. Qd2 Ng5 25. Qa5 Qg6 26. Kh1 Ne4 27.
Qe1 Qf6 28. Kg1 Ng5 29. Rdc5 Qg6 30. Bc2 Qf6 31. Bd3 Ne6 32. Re5 Rbd8 33. Qe2
Ng5 34. Rxe8+ Rxe8 35. Rc7 Qb6 36. Qc2 Qb4 37. Qc3 Qb6 38. Rc8 Rd8 39. Qc7 Qxc7
40. Rxc7 Ne6 41. Rxb7 Nc5 42. dxc5 Rxd3 43. Kf1 Rd1+ 44. Ke2 Rc1 45. Rb8+ Kh7
46. Rc8 Rc2+ 47. Kd3 Rxb2 48. a4 Rxf2 49. Ra8 Rf6 50. Kd4 Kg6 51. Kd5 Rf5+ 52.
Kd6 Rf6+ 53. Kd7 Re6 54. c6 Rxe3 55. c7 Rd3+ 56. Ke7 Re3+ 57. Kf8 {Black
resigns} 1-0  aics%

[Event "Team 45 45 League T31"]
[Site "Internet Chess Club"]
[Date "2006.07.29"]
[Round "6"]
[White "BraafPaard"]
[Black "jharris8000"]
[Result "0-1"]
[WhiteElo "1477"]
[BlackElo "1428"]
[TimeControl "2700+45"]

1. e4 e6 2. d3 d5 3. Nd2 c5 4. Ngf3 Nc6 5. g3 Bd6 6. Bg2 Nge7 7. O-O Qb6 8. Re1
Bd7 9. e5 Bb8 10. c3 d4 11. Rb1 Ng6 12. Nc4 Qa6 13. Bf4 Nxf4 14. gxf4 Ne7 15.
cxd4 cxd4 16. Nxd4 Nc6 17. Nb3 Qa4 18. Nc5 Qb4 19. Qb3 Qxb3 20. Nxb3 Bc7 21. d4
Rb8 22. d5 exd5 23. Bxd5 Nb4 24. Be4 Be6 25. Ne3 Nxa2 26. Bd5 Nb4 27. Red1 Nxd5
28. Nxd5 Bb6 29. Nxb6 Bxb3 30. Rd3 Bc2 {White resigns} 0-1  aics%

[Event "Team 45 45 League T31"]
[Site "Internet Chess Club"]
[Date "2006.07.26"]
[Round "6"]
[White "Mikey29a"]
[Black "Club-17"]
[Result "0-1"]
[WhiteElo "1661"]
[BlackElo "1791"]
[TimeControl "2700+45"]

1. e4 d5 2. exd5 Qxd5 3. d4 e5 4. dxe5 Qxd1+ 5. Kxd1 Nc6 6. f4 Bg4+ 7. Be2
O-O-O+ 8. Bd2 Bxe2+ 9. Nxe2 Nh6 10. c3 Ng4 11. Kc2 Bc5 12. b4 Bb6 13. h3 Ne3+
14. Bxe3 Bxe3 15. Rf1 Rhe8 16. Rf3 Bb6 17. a4 a5 18. b5 Ne7 19. Rd3 Nf5 20.
Rxd8+ Rxd8 21. g4 Ne3+ 22. Kb3 Rd1 23. Nd4 Bxd4 24. cxd4 Rxd4 25. Nc3 Rb4+ 26.
Ka2 Rxf4 27. Re1 Rf3 28. Rh1 Nc4 29. Nd5 Nxe5 30. Rc1 Kd7 31. Nxc7 Rxh3 32. Na6
bxa6 33. b6 Rh6 34. Rb1 Kc8 35. b7+ Kb8 {White resigns} 0-1  aics%

[Event "Team 45 45 League T31"]
[Site "Internet Chess Club"]
[Date "2006.07.30"]
[Round "6"]
[White "Smart"]
[Black "neofight"]
[Result "0-1"]
[WhiteElo "1660"]
[BlackElo "1642"]
[TimeControl "2700+45"]

1. e4 e5 2. Nf3 Nc6 3. d4 exd4 4. c3 d3 5. Bxd3 Bc5 6. O-O d6 7. Bg5 Nge7 8. Re1
O-O 9. Qc2 h6 10. Bh4 Bg4 11. Nbd2 Qd7 12. Rad1 Ng6 13. Bg3 Rfe8 14. b4 Bb6 15.
b5 Nce5 16. Nxe5 Nxe5 17. Be2 Bxe2 18. Rxe2 Qxb5 19. c4 Qc6 20. Kh1 Rad8 21. f3
Ba5 22. Rc1 Bxd2 23. Rxd2 Qc5 24. Rd5 Qa3 25. Rcd1 f6 26. c5 Nf7 27. Qb3 Qxb3
28. axb3 dxc5 29. Bxc7 Rxd5 30. Rxd5 b6 31. Rd7 Rc8 32. Bg3 Rd8 33. Rxd8+ Nxd8
34. Bb8 Nc6 35. Bc7 Kf7 36. g4 Nd4 37. e5 Nxb3 38. exf6 gxf6 39. Bb8 a5 40. Ba7
b5 41. Bb6 c4 42. h4 c3 43. Be3 c2 44. f4 c1=Q+ 45. Bxc1 Nxc1 46. g5 fxg5 47.
fxg5 Kg6 48. Kg2 a4 49. gxh6 Kxh6 {White resigns} 0-1  aics%

[Event "Team 45 45 League T31"]
[Site "Internet Chess Club"]
[Date "2006.07.30"]
[Round "6"]
[White "stan194803"]
[Black "QuaqQuao"]
[Result "1-0"]
[WhiteElo "1470"]
[BlackElo "1599"]
[TimeControl "2700+45"]

1. e4 d5 2. exd5 Nf6 3. Nf3 Nxd5 4. d4 g6 5. c4 Nb6 6. Nc3 Bg7 7. Be3 O-O 8. Qb3
Nc6 9. Rd1 Bg4 10. c5 Bxf3 11. gxf3 Nd7 12. Ne2 b6 13. d5 Na5 14. Qb4 Ne5 15.
Bg2 c6 16. f4 Ng4 17. Bd4 bxc5 18. Bxc5 Rb8 19. Qe4 Re8 20. dxc6 Qxd1+ 21. Kxd1
Rxb2 22. Bd4 Rd8 23. c7 Rc8 24. Bxb2 Nxf2+ 25. Ke1 Nxe4 26. Bxg7 Kxg7 27. Bxe4
Rxc7 28. Kf2 Rc4 29. Bd5 Rc5 30. Bb3 Nxb3 31. axb3 a5 32. Rb1 Rb5 33. Nd4 Rb4
34. Ke3 a4 35. Kd3 Kf6 36. Kc3 Rb6 37. b4 e5 38. fxe5+ Kxe5 39. Re1+ Kd6 40. Rf1
f5 41. Rd1 Ke5 42. b5 Kf6 43. Kb4 h5 44. Kxa4 g5 45. Ka5 Rd6 46. Kb4 f4 47. Kc5
Rd8 48. Kc6 g4 49. Kc7 Rd5 50. b6 f3 51. b7 f2 52. b8=Q Rxd4 53. Qh8+ Kg5 54.
Qxd4 f1=Q 55. Rxf1 Kh4 56. Qf6+ Kh3 57. Qc3+ Kxh2 58. Rf2+ Kg1 59. Qd2 g3 60.
Rg2+ Kh1 61. Rxg3 h4 62. Qg2# {Black checkmated} 1-0  aics%

[Event "Team 45 45 League T31"]
[Site "Internet Chess Club"]
[Date "2006.07.29"]
[Round "6"]
[White "fibin"]
[Black "Gomer"]
[Result "1/2-1/2"]
[WhiteElo "1405"]
[BlackElo "1356"]
[TimeControl "2700+45"]

1. e4 e5 2. Nf3 Nc6 3. Bc4 Nf6 4. Nc3 Bb4 5. Nd5 Nxd5 6. Bxd5 O-O 7. O-O Bd6 8.
d3 Qe8 9. a3 Bc5 10. Be3 Bxe3 11. fxe3 d6 12. Ng5 Nd8 13. Qh5 h6 14. Nh3 Be6 15.
Bxe6 Nxe6 16. Rf3 f6 17. Qxe8 Raxe8 18. Rd1 Nc5 19. b3 b5 20. Nf2 a5 {Game drawn
by mutual agreement} 1/2-1/2  aics%

[Event "Team 45 45 League T31"]
[Site "Internet Chess Club"]
[Date "2006.07.29"]
[Round "6"]
[White "C-Jones"]
[Black "Aquaman"]
[Result "1-0"]
[WhiteElo "1640"]
[BlackElo "1516"]
[TimeControl "2700+45"]

1. e4 d5 2. exd5 Qxd5 3. Nc3 Qa5 4. Nf3 Nf6 5. Bc4 c6 6. O-O Bf5 7. d4 e6 8. Re1
Be7 9. Ne2 O-O 10. Ng3 Bg4 11. c3 Bd6 12. Ne4 Nxe4 13. Rxe4 Bf5 14. Re1 Qd8 15.
Bd3 Bxd3 16. Qxd3 Nd7 17. Ng5 Nf6 18. Re3 Bf4 19. Rf3 Bxg5 20. Bxg5 c5 21. Bxf6
gxf6 22. Rh3 f5 23. Qf3 Qf6 24. Qh5 Qg6 25. Rg3 cxd4 26. Rxg6+ fxg6 27. Qe2 Rfe8
28. cxd4 Rad8 29. Qc4 Rd5 30. g3 b5 31. Qc6 Kf7 32. Re1 Rxd4 33. Qxb5 Rd5 34.
Qc6 a5 35. Kg2 h5 36. Rxe6 Rxe6 37. Qxd5 Ke7 38. Qxa5 Re2 39. Qc7+ Kf8 40. Qd6+
Kg7 41. Qd4+ Kh6 42. a4 Re4 43. Qe3+ Kg7 44. Qxe4 fxe4 45. Kf1 Kf7 46. Ke2 Ke6
47. Ke3 Kd6 48. Kxe4 Kc5 49. b3 Kb4 50. Kf4 {Black resigns} 1-0  aics%

[Event "Team 45 45 League T31"]
[Site "Internet Chess Club"]
[Date "2006.07.29"]
[Round "6"]
[White "SargentBono"]
[Black "Fegary"]
[Result "0-1"]
[WhiteElo "1577"]
[BlackElo "1645"]
[TimeControl "2700+45"]

1. e4 d6 2. d4 Nf6 3. Nc3 g6 4. Be3 Bg7 5. Qd2 c6 6. Nf3 Nbd7 7. Bh6 O-O 8.
O-O-O Qa5 9. Bxg7 Kxg7 10. h3 b5 11. e5 Ne8 12. Kb1 b4 13. Ne4 Nb6 14. exd6 Be6
15. d5 Bxd5 16. Qd4+ f6 17. dxe7 Qxa2+ 18. Kc1 Rf7 19. Qxb4 Bxe4 20. Qxe4 Qa1+
21. Kd2 Qxb2 22. Qd4 Qa3 23. Bd3 Rxe7 24. Ra1 Qd6 25. Rhe1 Rd7 26. Qxd6 Nxd6 27.
Nd4 Ndc4+ 28. Kc3 Ne5 29. Be4 Rc8 30. Ne6+ Kh6 31. Ra6 Re7 32. Nd4 Rd8 33. Rea1
f5 34. Bf3 c5 35. Nc6 Nxc6 36. Bxc6 Rc8 37. Bf3 Rcc7 38. h4 Kg7 39. Rd1 Kf6 40.
g3 h6 41. Rd8 Re6 42. Ra5 Kg7 43. Kd3 Nd7 44. Kd2 Nb6 45. Kc3 Re1 46. Ra6 Rf1
47. Rd2 Re7 48. Bc6 Rfe1 49. Bb5 f4 50. gxf4 Rh1 51. Rd6 Rxh4 52. Bd3 Rg4 53. f5
gxf5 54. Bxf5 Rf4 55. Bd3 c4 56. Be2 Rxf2 57. Bxc4 Rc7 58. Rd4 Rf6 59. Kb3 Nxc4
60. Rg4+ Kf7 {White resigns} 0-1  aics%  Kenzo2(340): i had a welcome last game
in the 45 45 league this morning ended up with 2 wins 2 losses and 2 draws  so
fortunit to come out even :) aics%

[Event "Team 45 45 League T31"]
[Site "Internet Chess Club"]
[Date "2006.07.28"]
[Round "6"]
[White "Cantemir"]
[Black "SambaChess"]
[Result "0-1"]
[WhiteElo "1512"]
[BlackElo "1596"]
[TimeControl "2700+45"]

1. f4 d5 2. e3 Nf6 3. h3 g6 4. c4 Bg7 5. Nf3 O-O 6. Nc3 c6 7. d3 dxc4 8. dxc4
Qxd1+ 9. Nxd1 Ne4 10. Nf2 Ng3 11. Rg1 Nd7 12. Bd3 Nc5 13. Bc2 Be6 14. Nd2 f5 15.
Rb1 Na6 16. a3 Nc7 17. Nh1 Nxh1 18. Rxh1 Rad8 19. b3 Bc3 20. Ke2 Rd6 21. Nf3
Rfd8 22. Rd1 Rxd1 23. Bxd1 b5 24. cxb5 Nxb5 25. a4 Nd6 26. Bc2 c5 27. Bb2 Bxb2
28. Rxb2 Rb8 29. Rb1 Bd5 30. g4 Ne4 31. Bxe4 Bxe4 32. Ne5 Bxb1 33. Nc6 Rxb3 34.
Nxe7+ Kf7 35. Nc6 Ra3 36. Nxa7 Rxa4 37. Nb5 Ra2+ 38. Kf3 Be4+ 39. Kg3 Rd2 40.
Nc3 Rd3 41. Na4 Rxe3+ 42. Kf2 Rf3+ 43. Ke2 c4 44. Nc5 Rxh3 45. gxf5 gxf5 46. Nd7
c3 47. Ne5+ Kg7 48. Nc4 c2 49. Kd2 Rh2+ 50. Kc1 Rh1+ {White resigns} 0-1  aics%

[Event "Team 45 45 League T31"]
[Site "Internet Chess Club"]
[Date "2006.07.29"]
[Round "6"]
[White "PawnSensei"]
[Black "chesskix"]
[Result "1-0"]
[WhiteElo "1491"]
[BlackElo "1430"]
[TimeControl "2700+45"]

1. e4 c5 2. Nf3 Nc6 3. d4 cxd4 4. Nxd4 g6 5. Bc4 Bg7 6. Be3 e6 7. O-O Nge7 8.
Nc3 a6 9. Qd2 Ne5 10. Bb3 Ng4 11. Bg5 f6 12. f3 fxg5 13. fxg4 Qb6 14. Rad1 Nc6
15. Ne2 h6 16. Kh1 Ne5 17. h3 Qc7 18. c3 b5 19. Nf3 Bb7 20. Nxe5 Bxe5 21. Qd3
O-O-O 22. Rf7 Qc6 23. Nd4 Qxe4 24. Qxe4 Bxe4 25. Re1 Bxd4 26. cxd4 Bc6 27. Rc1
Rhe8 28. d5 exd5 29. Bxd5 Kb8 30. Bxc6 dxc6 31. Rxc6 Re1+ 32. Kh2 Re2 33. Rxg6
Rxb2 34. Rxa6 Rdd2 35. Rxh6 Rxg2+ 36. Kh1 Rgc2 37. Rh8+ Rc8 38. Rxc8+ Kxc8 39.
a3 Rb3 40. Rf5 Rxh3+ 41. Kg2 Rxa3 42. Rxb5 Ra2+ 43. Kf3 Ra3+ 44. Ke4 Ra4+ 45.
Kf5 Kc7 46. Kxg5 Kc6 47. Rf5 Kd6 48. Kh5 Ke6 49. Rf1 Ra8 50. Kh6 Ra2 51. g5 Rh2+
52. Kg7 Rg2 53. g6 Ra2 54. Kh7 Rh2+ 55. Kg8 Rg2 56. g7 Ke7 57. Rf4 Rh2 58. Re4+
Kf6 59. Kf8 Rg2 60. g8=Q Rxg8+ 61. Kxg8 Kf5 62. Re1 Kf4 63. Kf7 Kf3 64. Kf6 Kf2
65. Re4 Kf3 66. Kf5 Kg3 67. Rf4 Kg2 68. Kg4 Kh2 69. Rf2+ Kg1 70. Kg3 {Black
resigns} 1-0  aics%

[Event "Team 45 45 League T31"]
[Site "Internet Chess Club"]
[Date "2006.07.29"]
[Round "6"]
[White "VentasD"]
[Black "VictorRed"]
[Result "1-0"]
[WhiteElo "2252"]
[BlackElo "1805"]
[TimeControl "2700+45"]

1. d4 e6 2. Nf3 Nf6 3. c4 d5 4. Nc3 Bb4 5. a3 Bxc3+ 6. bxc3 Ne4 7. Qc2 c6 8. e3
O-O 9. Bd3 f5 10. O-O Nd7 11. a4 a5 12. cxd5 cxd5 13. c4 Ndf6 14. Ne5 Bd7 15.
Ba3 Re8 16. cxd5 exd5 17. f3 Rc8 18. Qb2 Nc3 19. Qxb7 Nxa4 20. Nxd7 Qxd7 21.
Qxd7 Nxd7 22. Bxf5 Nab6 23. Bc5 Ra8 24. e4 dxe4 25. Bxe4 Rac8 26. Rxa5 Nxc5 27.
dxc5 Nc4 28. Bd5+ {Black resigns} 1-0  aics%

[Event "Team 45 45 League T31"]
[Site "Internet Chess Club"]
[Date "2006.08.02"]
[Round "6"]
[White "vjanand"]
[Black "vicalvarok"]
[Result "0-1"]
[WhiteElo "1752"]
[BlackElo "1999"]
[TimeControl "2700+45"]

1. e4 c5 2. c3 Nf6 3. e5 Nd5 4. d4 cxd4 5. cxd4 Nc6 6. Nc3 e6 7. Nf3 d6 8. Be2
a6 9. O-O Be7 10. Nxd5 exd5 11. exd6 Qxd6 12. Re1 O-O 13. Bd3 Bg4 14. Be2 Bf6
15. Be3 Rfe8 16. Qd3 Nb4 17. Qd2 Rac8 18. Rec1 Rxc1+ 19. Qxc1 Bf5 20. a3 Nc2 21.
Ra2 Qe7 22. b4 Nxe3 23. fxe3 Qxe3+ 24. Qxe3 Rxe3 25. Kf2 Rc3 26. h3 Be4 27. b5
axb5 28. Bxb5 {White resigns} 0-1  aics%  boozehound(340): i couldnt believe it
:( aics%

[Event "Team 45 45 League T31"]
[Site "Internet Chess Club"]
[Date "2006.07.31"]
[Round "6"]
[White "mitus"]
[Black "chiiwen"]
[Result "1-0"]
[WhiteElo "1848"]
[BlackElo "1704"]
[TimeControl "2700+45"]

1. e4 c5 2. Nf3 Nc6 3. Bb5 g6 4. c3 Bg7 5. d4 cxd4 6. cxd4 d5 7. e5 Bg4 8. O-O
e6 9. h3 Bxf3 10. Qxf3 Ne7 11. Bg5 O-O 12. Bxc6 bxc6 13. Rc1 Rc8 14. Nd2 h6 15.
Be3 Nf5 16. Nb3 f6 17. Nc5 Qe7 18. Qe2 fxe5 19. dxe5 Nxe3 20. Qxe3 Rf5 21. f4
Rcf8 22. g3 g5 23. Rf1 Qf7 24. Nd3 Qb7 25. Rac1 gxf4 26. gxf4 Rc8 27. Rc2 Qb6
28. Nc5 Rcf8 29. Kh1 R8f7 30. Qg3 Rxe5 31. Nd7 Qb5 32. Rg1 Ref5 33. Ne5 Re7 34.
Rxc6 Rxe5 35. Rc8+ {Black resigns} 1-0  aics%

[Event "Team 45 45 League T31"]
[Site "Internet Chess Club"]
[Date "2006.07.31"]
[Round "6"]
[White "HoHo"]
[Black "Garath"]
[Result "1-0"]
[WhiteElo "1705"]
[BlackElo "1163"]
[TimeControl "2700+45"]

1. d4 d5 2. c4 c6 3. Nc3 Nf6 4. Nf3 Nbd7 5. Bf4 a6 6. h3 e6 7. a3 dxc4 8. e3 Be7
9. Bxc4 b5 10. Be2 Nd5 11. Nxd5 exd5 12. O-O Nf6 13. Rc1 Bd7 14. Ne5 O-O 15.
Nxc6 Bxc6 16. Rxc6 Rc8 17. Rxa6 Rb8 18. Bxb8 {Black resigns} 1-0  aics%

[Event "Team 45 45 League T31"]
[Site "Internet Chess Club"]
[Date "2006.07.29"]
[Round "6"]
[White "MindRide"]
[Black "Knightstorm57"]
[Result "1/2-1/2"]
[WhiteElo "1822"]
[BlackElo "1893"]
[TimeControl "2700+45"]

1. Nf3 Nf6 2. b3 g6 3. Bb2 Bg7 4. d4 d6 5. e3 O-O 6. Be2 Nc6 7. Nbd2 Nd7 8. O-O
e5 9. d5 Ne7 10. c4 h6 11. Ne1 f5 12. f4 Kh7 13. Nef3 e4 14. Bxg7 exf3 15. Bxf8
fxe2 16. Qxe2 Qxf8 17. e4 fxe4 18. Nxe4 Nf6 19. Nxf6+ Qxf6 20. Rae1 Nf5 21. g4
Ng7 22. Qe7 Qxe7 23. Rxe7 c6 24. f5 gxf5 25. gxf5 Kg8 26. f6 Nf5 27. f7+ Kf8 28.
Rc7 cxd5 29. Re1 Ng7 30. cxd5 Rb8 31. b4 a6 32. a4 Bf5 33. a5 Bh3 34. Kf2 b6 35.
Ree7 bxa5 36. Rb7 Rxb7 37. Rxb7 axb4 38. Rxb4 Kxf7 39. Rb7+ Kf6 40. Rb6 Ke5 41.
Rxa6 Kxd5 42. Ra4 Be6 43. Kf3 Ke5 44. Re4+ Kf5 45. Rf4+ Kg5 46. h4+ Kg6 47. Ke4
Nh5 48. Rf2 Ng3+ 49. Kf4 Nf5 50. Re2 Kf6 51. Rd2 d5 52. Kg4 Ng7+ 53. Kg3 Kg6 54.
Kf4 Kf6 55. Rg2 Nf5 56. h5 Bf7 57. Re2 Bxh5 58. Re5 Bg6 59. Rxd5 h5 60. Ra5 h4
61. Kg4 Kg7 62. Rxf5 Bxf5+ 63. Kxh4 {Game drawn because neither player has
mating material} 1/2-1/2  aics%

[Event "Team 45 45 League T31"]
[Site "Internet Chess Club"]
[Date "2006.07.27"]
[Round "6"]
[White "jazzyjoe"]
[Black "GolferBob"]
[Result "1-0"]
[WhiteElo "1789"]
[BlackElo "1660"]
[TimeControl "2700+45"]

1. e4 c5 2. b3 Nc6 3. Bb2 d6 4. Nc3 e5 5. Bc4 Be7 6. Nf3 h6 7. O-O Nf6 8. Re1
O-O 9. Nd5 Rb8 10. Nxf6+ Bxf6 11. Qe2 Bg4 12. h3 Bh5 13. c3 a6 14. Qe3 Ne7 15.
Be2 Bg6 16. d3 b5 17. Rad1 Nc6 18. d4 Qe7 19. dxe5 Nxe5 20. Nxe5 dxe5 21. f3 Bg5
22. Qf2 Rfd8 23. Qf1 Bd2 24. Bc1 Bxe1 25. Qxe1 Rxd1 26. Qxd1 Rd8 27. Qe1 Qd7 28.
Be3 c4 29. bxc4 bxc4 30. Bxc4 Qd1 31. Qxd1 Rxd1+ 32. Kf2 Rd6 33. Bd5 Kh7 34. c4
f5 35. c5 Rd8 36. c6 Rc8 37. Bb6 Be8 38. c7 fxe4 39. Bxe4+ g6 40. Bb7 Rxc7 41.
Bxc7 Bf7 42. a4 Bb3 43. a5 Bc4 44. Bxe5 h5 45. h4 Kg8 46. g3 Kf7 47. Ke3 Ke6 48.
Kd4 Be2 49. Be4 Kd7 50. Ke3 {Black resigns} 1-0  aics%

[Event "Team 45 45 League T31"]
[Site "Internet Chess Club"]
[Date "2006.07.28"]
[Round "6"]
[White "siddhu"]
[Black "Changuito-77"]
[Result "1/2-1/2"]
[WhiteElo "1758"]
[BlackElo "1638"]
[TimeControl "2700+45"]

1. e4 e5 2. Nf3 Nc6 3. Bb5 a6 4. Ba4 Nf6 5. O-O b5 6. Bb3 d6 7. Re1 Be7 8. h3
O-O 9. c3 Na5 10. Bc2 c5 11. d4 Qc7 12. Nbd2 cxd4 13. cxd4 Bb7 14. Nb3 Rac8 15.
Nxa5 Qxa5 16. d5 Rc7 17. Bd2 Qb6 18. Be3 Qa5 19. Bd3 Rcc8 20. Qd2 Qxd2 21. Bxd2
Nd7 22. b4 Bd8 23. Rac1 Bb6 24. Rxc8 Rxc8 25. Rc1 Rxc1+ 26. Bxc1 Ba7 27. Bc2 h6
28. Kf1 Kf8 29. Ke2 Ke7 30. Be3 Bxe3 31. Kxe3 Nb6 32. Nd2 Nxd5+ 33. exd5 Bxd5
34. g3 Bxa2 35. Bb3 Bxb3 36. Nxb3 f5 37. f4 Ke6 38. fxe5 {Game drawn by mutual
agreement} 1/2-1/2  aics%

[Event "Team 45 45 League T31"]
[Site "Internet Chess Club"]
[Date "2006.07.30"]
[Round "6"]
[White "onslaught"]
[Black "Allessia"]
[Result "0-1"]
[WhiteElo "2005"]
[BlackElo "2163"]
[TimeControl "2700+45"]

1. e4 c5 2. Nf3 Nc6 3. Bb5 g6 4. O-O Bg7 5. Re1 d6 6. h3 Nf6 7. c3 O-O 8. d4
cxd4 9. cxd4 Qb6 10. Nc3 a6 11. Bc4 e6 12. Bb3 Rd8 13. Bg5 h6 14. Be3 d5 15. e5
Ne8 16. h4 Bd7 17. Qc1 Kh7 18. h5 gxh5 19. Bc2+ Kg8 20. Na4 Qa7 21. Nc5 b6 22.
Nb3 Rac8 23. Qd2 a5 24. Qd3 f5 25. exf6 Nxf6 26. Qg6 Be8 27. Qg3 Ng4 28. Rad1
Ne7 29. Bb1 Bg6 30. Nh4 Bxb1 31. Rxb1 a4 32. Nd2 b5 33. Ndf3 Nc6 34. Ng6 Kh7 35.
Nf4 Qf7 36. Qh4 Nf6 37. Rbc1 Rg8 38. Rxc6 Rxc6 39. Ne5 Qc7 40. Nxc6 Qxc6 41. Rc1
Qe8 42. Rc7 Rf8 43. Qg3 Rf7 44. Qg6+ Kg8 45. Nxh5 Nxh5 46. Qxh5 Qf8 47. Rc6 Rf6
48. Qg4 Qe8 49. Rc7 Rg6 50. Qe2 e5 51. Qc2 Qe6 52. dxe5 Bxe5 53. Rc8+ Kg7 54.
Ra8 d4 55. Ra7+ Kf6 56. Bc1 Bb8 {White resigns} 0-1  aics%

[Event "Team 45 45 League T31"]
[Site "Internet Chess Club"]
[Date "2006.07.30"]
[Round "6"]
[White "adingod"]
[Black "jonesey"]
[Result "1/2-1/2"]
[WhiteElo "1991"]
[BlackElo "2022"]
[TimeControl "2700+45"]

1. d4 Nf6 2. Nc3 d5 3. Bg5 Nbd7 4. e3 c6 5. f4 Qb6 6. Rb1 e6 7. Nf3 Bb4 8. Bd3
Ng4 9. Ke2 h6 10. Bh4 e5 11. fxe5 Ndxe5 12. dxe5 Qxe3+ 13. Kf1 Qb6 14. Qd2 d4
15. Na4 Qa5 16. c3 Bf8 17. Bc2 Bf5 18. Bxf5 Ne3+ 19. Ke2 Nxf5 20. Qc2 Nxh4 21.
Nxh4 d3+ 22. Kxd3 O-O-O+ 23. Ke2 Qxe5+ 24. Kf2 Bc5+ 25. Nxc5 Qxc5+ 26. Kg3 Rd5
27. Nf3 Rhd8 28. Rhe1 Rg5+ 29. Nxg5 Qxg5+ 30. Kh3 Qh5+ 31. Kg3 Qg5+ 32. Kf2 Rd2+
33. Qxd2 Qxd2+ 34. Re2 Qd5 35. Ra1 f5 36. a3 f4 37. Rae1 Qc5+ 38. Kf1 Qc4 39.
Kf2 Qc5+ 40. Kf1 Qc4 41. Kf2 Qc5+ 42. Kf1 Qc4 {Game drawn by repetition} 1/2-1/2
 aics%

[Event "Team 45 45 League T31"]
[Site "Internet Chess Club"]
[Date "2006.07.30"]
[Round "6"]
[White "vaibhav"]
[Black "Squaredance"]
[Result "0-1"]
[WhiteElo "1852"]
[BlackElo "1930"]
[TimeControl "2700+45"]

1. e4 d5 2. exd5 Qxd5 3. Nc3 Qa5 4. d4 Nf6 5. Bd2 c6 6. Bd3 Qd8 7. Nf3 Bg4 8.
Be3 e6 9. O-O Bd6 10. Bg5 Qc7 11. g3 Nbd7 12. Ne4 Nxe4 13. Bxe4 Nf6 14. Bxf6
gxf6 15. c4 O-O-O 16. Bd3 h5 17. Re1 h4 18. Bf1 hxg3 19. fxg3 Bxg3 20. hxg3
Qxg3+ 21. Bg2 Rh3 22. Re3 Rdh8 23. Kf1 Rh1+ 24. Bxh1 Rxh1+ 25. Ke2 Rxd1 26. Rxd1
Qg2+ {White resigns} 0-1  aics%

[Event "Team 45 45 League T31"]
[Site "Internet Chess Club"]
[Date "2006.07.28"]
[Round "6"]
[White "Legal"]
[Black "SkinnyPuppy"]
[Result "0-1"]
[WhiteElo "2057"]
[BlackElo "2183"]
[TimeControl "2700+45"]

1. Nf3 Nf6 2. c4 e6 3. g3 d5 4. b3 b6 5. Bg2 Bb7 6. O-O Nbd7 7. Bb2 Be7 8. d3
O-O 9. Nbd2 c5 10. Qc2 d4 11. e3 e5 12. exd4 exd4 13. b4 Bd6 14. bxc5 bxc5 15.
Ng5 Bxg2 16. Kxg2 Re8 17. Nge4 Nxe4 18. Nxe4 Nf6 19. Nxf6+ Qxf6 20. Rfe1 h5 21.
Qa4 Re6 22. Qa5 h4 23. Rxe6 Qxe6 24. Qe1 Qf5 25. Qe4 h3+ 26. Kf1 Qxe4 27. dxe4
Rb8 28. Bc1 Rb4 29. Bd2 Rxc4 30. Ke2 Rc2 31. Kd1 d3 32. f4 g5 33. e5 Bc7 34. Rc1
Rxc1+ 35. Bxc1 gxf4 36. gxf4 c4 37. Bd2 f6 38. exf6 Kf7 39. Ke1 Bb6 40. Bc3 Bg1
41. Kf1 Bxh2 42. f5 Bf4 {White resigns} 0-1  aics%

[Event "Team 45 45 League T31"]
[Site "Internet Chess Club"]
[Date "2006.08.01"]
[Round "6"]
[White "PvsNP"]
[Black "beer2337"]
[Result "0-1"]
[WhiteElo "1887"]
[BlackElo "1987"]
[TimeControl "2700+45"]

1. e4 e5 2. Bc4 Nf6 3. Nf3 Nxe4 4. Nc3 Nd6 5. Bb3 Nc6 6. O-O Be7 7. Re1 O-O 8.
Nxe5 Nd4 9. Nd5 Nxb3 10. axb3 Bf6 11. Ng4 Bg5 12. d4 c6 13. Bxg5 Qxg5 14. Ne7+
Kh8 15. Ne5 Nf5 16. Nxc8 Raxc8 17. Nxd7 Rfd8 18. Ne5 Kg8 19. c3 c5 20. d5 Nh4
21. g3 f6 22. f4 Qf5 23. Nf3 Nxf3+ 24. Qxf3 Qxd5 25. Qxd5+ Rxd5 26. Rxa7 Rd7 27.
Kf2 Kf7 28. Re3 Rc6 29. Ra4 Rb6 30. b4 cxb4 31. c4 Rd2+ 32. Re2 Rd3 33. h3 h5
34. f5 h4 35. Ra8 hxg3+ 36. Kg2 Rbd6 37. Ree8 Rd2+ 38. Kxg3 R2d3+ 39. Kf2 Rd2+
40. Re2 R6d3 41. Ra7 Rd7 42. Rxd2 Rxd2+ 43. Ke3 Rxb2 44. Rxb7+ Kg8 45. c5 Rb3+
46. Kd4 Rxh3 47. c6 Rc3 48. c7 Kh7 49. Kd5 Kh6 50. Ke6 Kg5 51. c8=Q Rxc8 52.
Rxg7+ Kf4 53. Kxf6 Rc6+ 54. Ke7 Rc7+ {White resigns} 0-1  aics% 
Lipsome123(340): it just scrolls when there is 1 aics%

[Event "Team 45 45 League T31"]
[Site "Internet Chess Club"]
[Date "2006.07.30"]
[Round "6"]
[White "narog"]
[Black "Chief-Justice"]
[Result "1-0"]
[WhiteElo "2038"]
[BlackElo "1902"]
[TimeControl "2700+45"]

1. d4 d5 2. Bf4 c5 3. e3 Qb6 4. Nf3 Qxb2 5. Nbd2 cxd4 6. exd4 Nc6 7. Bd3 Nxd4 8.
O-O Nxf3+ 9. Nxf3 Nf6 10. h3 e6 11. Qe2 Be7 12. Rfb1 Qc3 13. Be5 Qa5 14. Bb5+
Kf8 15. Bd3 Nd7 16. Bg3 Bf6 17. Bd6+ Kg8 18. Bb4 Qc7 19. c3 a5 20. Ba3 Qxc3 21.
Bd6 Qc6 22. Be5 Nxe5 23. Nxe5 Qc3 24. Ng4 Bg5 25. a4 Qd2 26. Qf1 h5 27. Nh2 Bf6
28. Rd1 Qb4 29. Ra2 g6 30. Qe2 Kg7 31. Rb1 Qd6 32. Nf3 e5 33. Rd2 Re8 34. Be4
Be6 35. Rbd1 Qc6 36. Bxd5 Bxd5 37. Rxd5 e4 38. Nh2 Red8 39. Rb5 Rxd1+ 40. Qxd1
Rd8 41. Qe2 Qc1+ 42. Nf1 Rd1 43. Rxb7 e3 44. fxe3 Re1 45. Qf3 Qa1 46. Rb3 Qxa4
47. Rd3 Qc4 48. Ra3 a4 49. Qf2 Re2 50. Rxa4 Qc2 51. Qf3 Rxg2+ 52. Qxg2 Qxa4 53.
Qf3 Qa1 54. Kg2 Qb2+ 55. Kg1 Qe5 56. Ng3 Bg5 57. Nf1 Bd8 58. Kg2 Bc7 59. Qe2
Qg5+ 60. Kh1 Be5 61. Qf3 Kf8 62. Qa8+ Ke7 63. Qb7+ Ke6 64. Qc8+ Kd5 65. Qd7+ Ke4
66. Qxf7 Kd3 67. Qf2 h4 68. Qd2+ Ke4 69. Qe2 Bc3 70. Qc2+ Kf3 71. Nh2+ Kxe3 72.
Qxc3+ Ke2 73. Qc2+ {Black resigns} 1-0  aics%

[Event "Team 45 45 League T31"]
[Site "Internet Chess Club"]
[Date "2006.07.31"]
[Round "6"]
[White "crispin"]
[Black "SpikeyJ"]
[Result "0-1"]
[WhiteElo "1776"]
[BlackElo "1944"]
[TimeControl "2700+45"]

1. e4 d6 2. d4 Nf6 3. Bd3 e5 4. c3 d5 5. dxe5 Nxe4 6. Bxe4 dxe4 7. Qxd8+ Kxd8 8.
Bf4 Nd7 9. Ne2 Nc5 10. O-O Nd3 11. Rd1 Bc5 12. Bg3 Ke7 13. b4 Bb6 14. Nf4 Nxe5
15. Bh4+ f6 16. Nd2 c6 17. Ne2 e3 18. Nb3 Bg4 19. Kf1 exf2 20. Bxf2 Bxf2 21.
Kxf2 Rad8 22. Nbd4 Rhe8 23. Rd2 Kf7 24. Nf4 g5 25. Nd3 Nc4 26. Rc2 Ne3 27. Rd2
Nf5 28. h3 Nxd4 29. cxd4 Bf5 30. Nc5 b6 31. Nb3 Be6 32. Rb1 Rd7 33. Rbb2 Red8
34. Ke3 f5 35. g3 Kf6 36. Nc1 Bc4 37. a3 Re7+ 38. Kf3 Rde8 39. Rbc2 Bd5+ 40. Kf2
Re3 41. Rd3 Rxd3 42. Nxd3 Be4 43. Rc3 Bxd3 44. Rxd3 Rd8 45. Rc3 Rd6 46. Ke3 Ke6
47. a4 Kd5 48. Kd3 Rh6 49. b5 cxb5 50. axb5 Rxh3 51. Rc7 Rxg3+ 52. Ke2 Kxd4 53.
Rxa7 h5 54. Kf2 Rg4 55. Rc7 h4 56. Rc6 h3 57. Rxb6 Rh4 58. Rf6 h2 {White
resigns} 0-1  aics%